 Dungeon Crawl Stone Soup version 0.31-a0-188-g5e087ee2ca (webtiles) character file.

Game seed: 6386242612737322512

63 qw the Shooter (level 3, -2/20 HPs)
             Began as a Deep Elf Hunter on June 23, 2023.
             Slain by Terence
             ... wielding a +2 short sword of venom
              (5 damage)
             ... on level 2 of the Dungeon.
             The game lasted 00:00:25 (1050 turns).

qw the Shooter (Deep Elf Hunter)                    Turns: 1050, Time: 00:00:26

Health: -2/20      AC:  3    Str: 10    XL:     3   Next: 87%
Magic:  5/5        EV: 12    Int: 13    God:
Gold:   15         SH:  0    Dex: 18    Spells: 2/2 levels left

rFire   . . .        Y - +0 shortbow
rCold   . . .        (shield currently unavailable)
rNeg    . . .        c - +0 leather armour
rPois   .            (no helmet)
rElec   .            (no cloak)
rCorr   .            (no gloves)
SInv    .            (no boots)
Will    +....        (no amulet)
Stlth   ++           g - ring of willpower
HPRegen 0.23/turn    (no ring)
MPRegen 0.09/turn

%: no passive effects
@: lethally poisoned (-2 -> -12)
A: no striking features
a: no special abilities


You were on level 2 of the Dungeon.
You visited 1 branch of the dungeon, and saw 2 of its levels.

You collected 95 gold pieces.
You spent 80 gold pieces at shops.


   Skills:
 - Level 1.5 Fighting
 + Level 7.3 Ranged Weapons
 - Level 2.4 Dodging
 - Level 1.2 Stealth


You had 2 spell levels left.
You didn't know any spells.
Your spell library was empty.

Inventory:

Hand Weapons
 Y - a +0 shortbow (weapon)
Armour
 c - a +0 leather armour (worn)
Jewellery
 g - a ring of willpower (left hand)
Scrolls
 a - a scroll of enchant armour {unknown}
 e - 3 scrolls of teleportation {unknown}
Potions
 b - a potion of enlightenment
 d - a potion of invisibility {unknown}
 j - a potion of cancellation

Dungeon Overview and Level Annotations

Branches:
Dungeon (2/15)

Altars:

Shops:
D:2 !

Annotations:
D:2 Terence


Message History

You now have 15 gold pieces (gained 10).
Terence the Incautious comes into view.
He is wielding a +2 short sword of venom.
Enter note:
Enter note:
Enter note: You shoot an arrow.
The arrow completely misses Terence.
A ball python comes into view.
You shoot an arrow.
The arrow closely misses the ball python.
The ball python hisses angrily.
You shoot an arrow.
The arrow barely misses the ball python.
Terence shouts!
You shoot an arrow. The arrow hits the ball python.
You kill the ball python!
You shoot an arrow. The arrow hits Terence.
Terence is lightly wounded.
You shoot an arrow. The arrow hits Terence!
Terence is heavily wounded.
You shoot an arrow.
The arrow hits Terence but does no damage.
Terence is heavily wounded.
Terence shouts, "ATTACK!!!"
You shoot an arrow. The arrow hits Terence.
Terence is heavily wounded.
Terence hits you with a +2 short sword of venom!
You shoot an arrow. The arrow hits Terence.
Terence is severely wounded.
Terence misses you.
You shoot an arrow.
The arrow hits Terence but does no damage.
Terence is severely wounded.
Terence hits you with a +2 short sword of venom!
You are lethally poisoned!
You shoot an arrow.
The arrow hits Terence but does no damage.
Terence is severely wounded.
You feel very sick.
Terence hits you with a +2 short sword of venom.
You die...

..........###.#......
.........###..#......
........###..## .....
#..###.....## ###..
#....###..## .
#....###..##
#........#
#.###......## ####
#....@......# #...
.......@.......#
###[##
###.............#
#.%.#
#...........#.###.###
#....<......#.....#
#........[........####
#............#..#.>...
....####..##..........
.....####%..


You could see Terence.

Vanquished Creatures
  2 adders (D:2)
  A worm (D:2)
  2 dart slugs
  5 ball pythons
  2 bats (D:2)
  3 endoplasms
  A giant cockroach (D:2)
  A goblin (D:1)
  5 hobgoblins
  4 jackals (D:1)
  A quokka (D:2)
  4 frilled lizards
  3 kobolds
  3 rats (D:1)
37 creatures vanquished.

Notes
Turn   | Place    | Note
-------+----------+-------------------------------------------
     0 | D:1      | qw the Deep Elf Hunter began the quest for the Orb.
     0 | D:1      | Reached XP level 1. HP: 12/12 MP: 3/3
     0 | D:1      | 0 ||| qw: Version: 0.3-a-9-g12657ce
     0 | D:1      | 0 ||| qw: Game counter: 3081
     0 | D:1      | 0 ||| qw: Always use a shield: true
     0 | D:1      | 0 ||| qw: God list: Okawaru
     0 | D:1      | 0 ||| qw: Allow faded altars: false
     0 | D:1      | 0 ||| qw: Do Orc after D:15 true
     0 | D:1      | 0 ||| qw: Do second Lair branch before Depths: true
     0 | D:1      | 0 ||| qw: Lair rune preference: random
     0 | D:1      | 0 ||| qw: Plans: Normal
     0 | D:1      | 0 ||| PLANNING D:1-11
   287 | D:1      | Reached XP level 2. HP: 16/16 MP: 4/4
   315 | D:1      | Reached skill level 6 in Ranged Weapons
   778 | D:1      | 778 ||| DROPPING ring of magical power.
   779 | D:1      | 779 ||| UPGRADING to ring of willpower.
   780 | D:1      | 780 ||| READING scroll labelled OZAENY ESCHOZOUH.
   781 | D:1      | 781 ||| READING scroll labelled ROHEBU FIKLE.
   782 | D:1      | 782 ||| READING scroll labelled LAM KASHRIQ.
   783 | D:1      | 783 ||| DRINKING 2 smoky yellow potions.
   784 | D:1      | 784 ||| DROPPING scroll of butterflies.
   792 | D:2      | Reached XP level 3. HP: 20/20 MP: 5/5
   869 | D:2      | Reached skill level 7 in Ranged Weapons
   908 | D:2      | Found Iprefuz's Distillery.
   913 | D:2      | 913 ||| BUYING potion of curing (30 gold).
   913 | D:2      | Bought a potion of curing for 30 gold pieces
   913 | D:2      | 913 ||| BUYING potion of enlightenment (50 gold).
   913 | D:2      | Bought a potion of enlightenment for 50 gold pieces
   913 | D:2      | 913 ||| SHOPLISTING potion of enlightenment (50 gold, have
                  | 5).
   913 | D:2      | 913 ||| SHOPLISTING potion of heal wounds (50 gold, have
                  | 5).
   913 | D:2      | 913 ||| SHOPLISTING potion of mutation (80 gold, have 5).
   959 | D:2      | HP: 5/20 [adder (3)]
   962 | D:2      | HP: 2/20 [poisoned by an adder]
   963 | D:2      | 963 ||| DRINKING potion of curing.
   963 | D:2      | 963 ||| (to cure poison)
  1039 | D:2      | Noticed Terence
  1050 | D:2      | HP: 3/20 [poisoned by Terence]
  1050 | D:2      | Slain by Terence

Levels and vault maps discovered:
D:1:      psy_arrival_basics, layout_loops_ring, nrook_campfire,
          patterned_corridor
D:2:      layout_rooms, basic_altar, serial_shops, nicolae_shop_trees,
          minmay_hexomino_f4, uniq_terence

Skill      XL: |  1  2  3 |
---------------+----------+-----
Ranged Weapons | 6 7 |  7.3
Fighting       | |  1.5
Dodging        | |  2.4
Stealth        | |  1.2

Action                     || total
---------------------------++-------
   Fire: Shortbow          ||   101
    Use: Scroll            ||     3
         Potion            ||     2
 Armour: Leather armour    ||    13
  Dodge: Dodged            ||    28

Table legend:
 A = Non-vault XP
 B = Vault XP
 C = Vault XP percentage of total XP
 D = Non-vault monster count
 E = Vault monster count
 F = Vault count percentage of total count
                 A         B        C        D         E       F
            +---------+---------+-------+---------+---------+-------
      Total |      83 |       7 |   7.8 |      32 |       5 |  13.5
            +---------+---------+-------+---------+---------+-------
        D:1 |      33 |       0 |   0.0 |      19 |       0 |   0.0
        D:2 |      50 |       7 |  12.3 |      13 |       5 |  27.8
            +---------+---------+-------+---------+---------+-------
